AoeStats
← yumi

Black Forest

508627722Analyzed
2v2 RM · 11d ago on Sep 23, 2026· 35m 14s· 4 players
Game mode
Random Map
Map size
Medium (4 player)
Population
200
Speed
Normal
Resources
Standard
Victory
Conquest
Starting age
Dark Age
Ending age
Imperial Age
RankedLock teamsTeams togetherTeam positionsShared explorationLock speedFull tech treeHidden civsTurbo modeCheats
Victory
Defeat
🇮🇳 Jurchens · India
607
+16
🇨🇳 Spanish · China
578
+18
🇨🇳 Franks · China
668
-49
🇨🇳 Turks · China
561
-15
FluxyAshYT
1:11 Loom
13:54 Feudal Age
19:33 Castle Age
17:20 Double-Bit Axe
18:20 Stone Mining
20:51 Squires
21:14 Fletching
22:34 Horse Collar
23:12 Gold Mining
28:35 Scale Barding Armor
28:42 Forging
32:25 Heavy Plow
32:37 Bow Saw
35:52 Imperial Age
yumi
1:10 Loom
15:08 Feudal Age
16:29 Wheelbarrow
16:04 Double-Bit Axe
16:02 Horse Collar
17:12 Gold Mining
17:13 Stone Mining
25:02 Castle Age
26:06 Bow Saw
27:47 Caravan
28:25 Fortified Wall
31:22 Imperial Age
28:57 Heavy Plow
29:04 Pikeman
29:45 Squires
29:31 Arson
31:35 Masonry
31:21 Murder Holes
34:30 Chemistry
33:59 Conscription
34:04 Forging
34:00 Scale Barding Armor
33:56 Scale Mail Armor
33:56 Padded Archer Armor
33:47 Fletching
怀安君
13:16 Feudal Age
15:29 Double-Bit Axe
18:46 Arson
29:45 Castle Age
28:56 Gold Mining
28:57 Stone Mining
28:51 Horse Collar
30:17 Forging
30:08 Scale Mail Armor
30:14 Scale Barding Armor
30:10 Padded Archer Armor
30:01 Fletching
方方圆圆
13:52 Feudal Age
16:51 Wheelbarrow
17:44 Loom
18:22 Double-Bit Axe
22:34 Gold Mining
27:07 Castle Age
31:42 Scale Barding Armor
31:48 Forging
33:31 Chain Barding Armor
33:31 Bow Saw
34:12 Hand Cart
Connection lost

Rejoining the realm…

Still unreachable

The connection could not be restored.

Session expired

The server has moved on; the page needs a fresh start.